Phantoms vs Monsters

Created - July 18, 2022 at 22:08

Goals
1 2 3 T
Phantoms 5 2 1 8
Monsters 1 0 0 1
Shots
1 2 3 T
Phantoms 16 13 4 33
Monsters 15 11 9 35

1st period

1. Phantoms , Michael Bournival 5 (Calle Jarnkrok 11) at 4:20
2. Phantoms , Michael Bournival 6 (Calle Jarnkrok 12) at 4:24
3. Phantoms , Travis Konecny 9 (Michael Bournival 6, Calle Jarnkrok 13) at 5:04 (PP)
4. Monsters , Austin Watson 2 (Aaron Ness 3, Ondrej Kase 5) at 9:51
5. Phantoms , Travis Konecny 10 (Calle Jarnkrok 14) at 13:30 (PP)
6. Phantoms , Michael Bournival 7 (Calle Jarnkrok 15, Ivan Provorov 1) at 17:26

Penalties :
Aaron Ness (Cle) for Slashing (Minor) at 0:17, Tarmo Reunanen (Cle) for Hooking (Minor) at 4:46, Richard Nejezchleb (Cle) for Slashing (Minor) at 13:26, Jake Dotchin (Leh) for Hooking (Minor) at 13:59, Michael Bournival (Leh) for Hooking (Minor) at 18:48

2nd period

7. Phantoms , Calle Jarnkrok 3 (Michael Bournival 7) at 6:06
8. Phantoms , Erik Nystrom 3 (Cristoval Nieves 4) at 14:19

Penalties :
Bobby Farnham (Cle) for Hooking (Minor) at 6:57, Joakim Nordstrom (Cle) for Hooking (Minor) at 11:27, Dillon Heatherington (Cle) for Fighting (Major) at 14:50, Ivan Provorov (Leh) for Fighting (Major) at 14:50

3rd period

9. Phantoms , Calle Jarnkrok 4 (Travis Konecny 5, Michael Bournival 8) at 16:33 (PP)

Penalties :
Christian Hanson (Cle) for Fighting (Major) at 9:00, Devon Teows (Leh) for Fighting (Major) at 9:00, Devon Teows (Leh) for instigated a fight (Minor) at 9:00, Devon Teows (Leh) for instigated a fight (10 Minutes Misconduct) at 9:00, Marc Michaelis (Cle) for Hooking (Minor) at 12:57, Bobby Farnham (Cle) for Hooking (Minor) at 16:25

Goalie Stats

Anton Forsberg (Leh), 34 saves from 35 shots - (0.971), W, 4-0-0, 60:00 minutes
Eric Comrie (Cle), 11 saves from 15 shots - (0.733), L, 5-1-0, 13:30 minutes
Phoenix Copley (Cle), 14 saves from 18 shots - (0.778), 46:30 minutes

Players Stats for Phantoms

Player Name              G  A  P  +/- PIM S  H  SB GA TA FO     MP     PP MP  PK MP  
------------------------------------------------------------------------------------
A.J. Greer               0  0  0   0  0   0  0  0  0  0  0/0     2:04   0:00   1:22 
Alex DeBrincat           0  0  0   0  0   2  1  1  1  0  0/0    17:44   3:37   0:00 
Anthony Angello          0  0  0   0  0   0  0  0  0  0  1/7     3:55   0:00   3:08 
Blake Heinrich           0  0  0   0  0   0  0  3  0  0  0/0    18:40   3:45   2:08 
Brendan Leipsic          0  0  0  -1  0   3  0  0  0  0  0/0     6:55   0:00   0:00 
Brenden Kichton          0  0  0   1  0   0  0  0  0  1  0/0     9:10   0:16   0:50 
Calle Jarnkrok           2  5  7   4  0   5  0  0  0  1  18/33  22:49   4:46   3:54 
Cristoval Nieves         0  1  1   1  0   3  0  0  0  0  2/8     9:44   0:00   0:00 
David Kampf              0  0  0   0  0   0  0  0  0  0  0/0     0:18   0:12   0:00 
Devon Teows              0  0  0   0  17  0  1  0  0  0  0/0     5:35   0:00   0:21 
Erik Nystrom             1  0  1   1  0   1  2  0  0  0  0/0     9:44   0:00   0:00 
Ivan Provorov            0  1  1   0  5   2  1  1  1  1  0/0    16:30   3:45   2:08 
Jake Dotchin             0  0  0   3  2   1  1  3  2  0  0/0    26:45   4:25   2:38 
JC Lipon                 0  0  0  -1  0   0  1  0  0  0  0/0     7:40   0:03   0:00 
Laurent Dauphin          0  0  0   0  0   0  0  0  0  0  0/0     0:15   0:10   0:00 
Lucas Wallmarkk          0  0  0  -1  0   4  0  0  0  0  2/2     6:55   0:00   0:00 
Michael Bournival        3  3  6   4  2   5  1  0  0  2  4/4    20:47   4:37   2:08 
Mikko Lehtonen           0  0  0   0  0   0  0  0  0  0  0/0     5:49   0:00   0:00 
Morgan Klimchuk          0  0  0   0  0   0  0  0  0  0  0/0     0:00   0:00   0:00 
Nick Shore               0  0  0   0  0   1  2  0  0  0  6/10   17:44   3:37   0:00 
Nick Sorensen            0  0  0   1  0   1  1  0  0  0  0/0     9:44   0:00   0:00 
Reid McNeill             0  0  0   3  0   0  1  1  1  1  0/0    27:57   4:25   3:49 
Rinat Valiev             0  0  0   1  0   0  1  0  0  0  0/0     9:35   0:16   0:00 
Sven Andrighetto         0  0  0   0  0   2  0  0  1  0  0/1    18:25   3:37   0:41 
Travis Konecny           2  1  3   4  0   3  3  1  1  1  0/1    19:15   4:39   0:41 

Players Stats for Monsters

Player Name              G  A  P  +/- PIM S  H  SB GA TA FO     MP     PP MP  PK MP  
------------------------------------------------------------------------------------
Aaron Ness               0  1  1   0  2   6  0  0  0  2  0/0    26:34   3:56   3:50 
Austin Watson            1  0  1  -1  0   3  1  0  0  0  0/0    19:40   2:34   1:03 
Bobby Farnham            0  0  0  -1  4   1  0  0  1  0  2/2    10:45   0:48   0:00 
Cameron Hughes           0  0  0   0  0   0  0  0  0  0  0/0     2:19   0:15   2:02 
Christian Hanson         0  0  0  -1  5   2  2  0  0  0  7/13   15:03   1:24   2:39 
Dillon Heatherington     0  0  0  -3  5   2  0  3  0  0  0/0    16:19   2:01   3:20 
Francis Perron           0  0  0   0  0   0  0  0  0  0  0/0     1:02   1:02   0:00 
Jared Knight             0  0  0  -1  0   1  0  0  0  0  2/4     9:57   0:00   0:00 
Joakim Nordstrom         0  0  0  -1  2   3  0  0  0  0  1/2    13:54   2:35   0:00 
Marc Michaelis           0  0  0  -1  2   1  0  1  0  0  0/0    10:01   0:00   0:00 
Matt Grzelcyk            0  0  0  -3  0   0  2  0  0  0  0/0    19:09   2:01   3:20 
Maxim Mamin              0  0  0   0  0   0  0  0  0  0  0/2     1:19   1:02   0:00 
Mitch Marner             0  0  0  -1  0   3  0  1  0  0  0/0    16:31   2:35   2:36 
Morgan Rielly            0  0  0   0  0   1  0  0  2  1  0/0    26:18   3:56   5:06 
Ondrej Kase              0  1  1  -1  0   5  2  0  2  0  1/1    22:55   2:34   4:15 
Patrik Laine             0  0  0  -1  0   2  0  0  0  0  0/1     8:37   0:28   0:00 
Richard Nejezchleb       0  0  0  -1  2   2  2  0  0  0  0/0     8:08   0:00   0:00 
Ryan Fitzgerald          0  0  0  -1  0   1  0  0  0  0  1/3     8:09   0:00   0:00 
Tarmo Reunanen           0  0  0  -1  2   0  0  0  0  2  0/0    14:21   0:00   1:16 
Victor Mete              0  0  0  -1  0   0  1  0  0  1  0/0    17:22   0:00   0:00 
Zac Dalpe                0  0  0  -1  0   2  0  0  2  1  19/38  23:09   2:34   4:24 

3 Stars

1 - Calle Jarnkrok (Leh)
2 - Michael Bournival (Leh)
3 - Travis Konecny (Leh)

Power Play

Phantoms - 3 on 7 Attempt(s) - 42.86%
Monsters - 0 on 3 Attempt(s) - 0.00%

Penalty Kill

Phantoms - 3 on 3 Attempt(s) - 100.00% - Score 0 goal in Penalty Kill
Monsters - 4 on 7 Attempt(s) - 57.14% - Score 0 goal in Penalty Kill

Team Stat

Phantoms - Hits : 16 - Faceoff Wins : 33 - Blocked Shots : 10 - Penalty Minutes : 26
Monsters - Hits : 10 - Faceoff Wins : 33 - Blocked Shots : 5 - Penalty Minutes : 24

Official

Referees : Eric Furlatt and TJ Luxmore
Linesman : James Tobias and Devin Berg

Game Notes

Phoenix Copley enters game at 13:30 of 1st period
Michael Bournival has scored a Hat Trick!
Dillon Heatherington and Ivan Provorov fight to a draw at 14:50 of 2nd period
Christian Hanson beats up Devon Teows at 9:00 of 3rd period

Finance

Level 1 -- Attendance: 2000 (100.00%) -- Ticket Income $70,000
Level 2 -- Attendance: 1000 (100.00%) -- Ticket Income $15,000
Total Attendance: 3000 (100.00%)
Total Ticket Income: $85,000
Other Income: $4,250
Total Income: $89,250

Phantoms

5 vs 5 Forward 
   Center                   Left Wing                Right Wing               Time % Phy DF OF 
 1 Calle Jarnkrok           Michael Bournival        Travis Konecny           40     1   2  2  
 2 Nick Shore               Alex DeBrincat           Sven Andrighetto         30     1   2  2  
 3 Cristoval Nieves         Erik Nystrom             Nick Sorensen            20     1   2  2  
 4 Lucas Wallmarkk          Brendan Leipsic          JC Lipon                 10     1   2  2  

5 vs 5 Defense 
   Defense                  Defense                                           Time % Phy DF OF 
 1 Jake Dotchin             Reid McNeill                                      40     1   2  2  
 2 Ivan Provorov            Blake Heinrich                                    30     1   2  2  
 3 Rinat Valiev             Brenden Kichton                                   20     1   2  2  
 4 Devon Teows              Mikko Lehtonen                                    10     1   2  2  

PowerPlay Forward 
   Center                   Left Wing                Right Wing               Time % Phy DF OF 
 1 Calle Jarnkrok           Michael Bournival        Travis Konecny           60     1   2  2  
 2 Nick Shore               Alex DeBrincat           Sven Andrighetto         40     1   2  2  

PowerPlay Defense
   Defense                  Defense                                           Time % Phy DF OF 
 1 Jake Dotchin             Reid McNeill                                      60     1   2  2  
 2 Ivan Provorov            Blake Heinrich                                    40     1   2  2  

Penalty Kill 4 Players Forward 
   Center                   Wing                     Time % Phy DF OF 
 1 Michael Bournival        Calle Jarnkrok           60     1   2  2  
 2 Travis Konecny           Sven Andrighetto         40     1   2  2  

Penalty Kill 4 Players Defense
   Defense                  Defense                  Time % Phy DF OF 
 1 Jake Dotchin             Reid McNeill             60     1   2  2  
 2 Ivan Provorov            Blake Heinrich           40     1   2  2  

Penalty Kill - 3 Players Forward 
   Forward                                           Time % Phy DF OF 
 1 Michael Bournival                                 60     1   2  2  
 2 Calle Jarnkrok                                    40     1   2  2  

Penalty Kill - 3 Players Defense
   Defense                  Defense                  Time % Phy DF OF 
 1 Jake Dotchin             Reid McNeill             60     1   2  2  
 2 Ivan Provorov            Blake Heinrich           40     1   2  2  

4 vs 4 Forward 
   Center                   Wing                     Time % Phy DF OF 
 1 Michael Bournival        Calle Jarnkrok           60     1   2  2  
 2 Travis Konecny           Sven Andrighetto         40     1   2  2  

4 vs 4 Defense
   Defense                  Defense                  Time % Phy DF OF 
 1 Jake Dotchin             Reid McNeill             60     1   2  2  
 2 Ivan Provorov            Blake Heinrich           40     1   2  2  

Last Minutes Offensive
   Center                   Left Wing                Right Wing               Defense                  Defense                  
   Calle Jarnkrok           Michael Bournival        Travis Konecny           Jake Dotchin             Reid McNeill             

Last Minutes Defensive
   Center                   Left Wing                Right Wing               Defense                  Defense                  
   Calle Jarnkrok           Michael Bournival        Travis Konecny           Jake Dotchin             Reid McNeill             

Goaltenders
Starting : Anton Forsberg           
Backup : Zachary Fucale           

Extra Forwards
Normal : David Kampf, Laurent Dauphin, Anthony Angello - PP : David Kampf, Laurent Dauphin - PK : Anthony Angello
Extra Defensemen
Normal : Rinat Valiev, Brenden Kichton, Devon Teows - PP : Rinat Valiev - PK : Brenden Kichton, Devon Teows
Penalty Shots
Michael Bournival, Calle Jarnkrok, Travis Konecny, Sven Andrighetto, Alex DeBrincat

Scratches
Cooper Marody (Healthy), Mark Alt (Sprained Right Knee Injury), Brett Murray (Healthy), Matt Kiersted (Healthy), Riley Stillman (Healthy)
Jason Kasdorf (Healthy)

Monsters

5 vs 5 Forward 
   Center                   Left Wing                Right Wing               Time % Phy DF OF 
 1 Zac Dalpe                Austin Watson            Ondrej Kase              40     1   2  2  
 2 Christian Hanson         Joakim Nordstrom         Mitch Marner             30     1   2  2  
 3 Jared Knight             Marc Michaelis           Bobby Farnham            20     1   2  2  
 4 Ryan Fitzgerald          Patrik Laine             Richard Nejezchleb       10     1   2  2  

5 vs 5 Defense 
   Defense                  Defense                                           Time % Phy DF OF 
 1 Morgan Rielly            Aaron Ness                                        40     1   2  2  
 2 Dillon Heatherington     Matt Grzelcyk                                     30     1   2  2  
 3 Victor Mete              Tarmo Reunanen                                    20     1   2  2  
 4 Morgan Rielly            Aaron Ness                                        10     1   2  2  

PowerPlay Forward 
   Center                   Left Wing                Right Wing               Time % Phy DF OF 
 1 Zac Dalpe                Austin Watson            Ondrej Kase              60     1   2  2  
 2 Christian Hanson         Joakim Nordstrom         Mitch Marner             40     1   2  2  

PowerPlay Defense
   Defense                  Defense                                           Time % Phy DF OF 
 1 Morgan Rielly            Aaron Ness                                        60     1   2  2  
 2 Dillon Heatherington     Matt Grzelcyk                                     40     1   2  2  

Penalty Kill 4 Players Forward 
   Center                   Wing                     Time % Phy DF OF 
 1 Zac Dalpe                Ondrej Kase              60     1   2  2  
 2 Christian Hanson         Mitch Marner             40     1   2  2  

Penalty Kill 4 Players Defense
   Defense                  Defense                  Time % Phy DF OF 
 1 Morgan Rielly            Aaron Ness               60     1   2  2  
 2 Dillon Heatherington     Matt Grzelcyk            40     1   2  2  

Penalty Kill - 3 Players Forward 
   Forward                                           Time % Phy DF OF 
 1 Zac Dalpe                                         60     1   2  2  
 2 Ondrej Kase                                       40     1   2  2  

Penalty Kill - 3 Players Defense
   Defense                  Defense                  Time % Phy DF OF 
 1 Morgan Rielly            Aaron Ness               60     1   2  2  
 2 Dillon Heatherington     Matt Grzelcyk            40     1   2  2  

4 vs 4 Forward 
   Center                   Wing                     Time % Phy DF OF 
 1 Zac Dalpe                Ondrej Kase              60     1   2  2  
 2 Christian Hanson         Mitch Marner             40     1   2  2  

4 vs 4 Defense
   Defense                  Defense                  Time % Phy DF OF 
 1 Morgan Rielly            Aaron Ness               60     1   2  2  
 2 Dillon Heatherington     Matt Grzelcyk            40     1   2  2  

Last Minutes Offensive
   Center                   Left Wing                Right Wing               Defense                  Defense                  
   Zac Dalpe                Austin Watson            Ondrej Kase              Morgan Rielly            Aaron Ness               

Last Minutes Defensive
   Center                   Left Wing                Right Wing               Defense                  Defense                  
   Zac Dalpe                Austin Watson            Ondrej Kase              Morgan Rielly            Aaron Ness               

Goaltenders
Starting : Eric Comrie              
Backup : Phoenix Copley           

Extra Forwards
Normal : Maxim Mamin, Francis Perron, Cameron Hughes - PP : Maxim Mamin, Francis Perron - PK : Cameron Hughes
Extra Defensemen
Normal : Victor Mete, Tarmo Reunanen, Dillon Heatherington - PP : Victor Mete - PK : Tarmo Reunanen, Dillon Heatherington
Penalty Shots
Zac Dalpe, Ondrej Kase, Christian Hanson, Mitch Marner, Bobby Farnham

Scratches
Matt Calvert (Healthy), Nathan Noel (Healthy), Peyton Jones (Healthy)

% Time on Ice - Phantoms

Lines # - Real PCT - Wanted PCT - Time Play
Normal Forward
1 - 33% - 40% - 14:51
2 - 31% - 30% - 14:07
3 - 21% - 20% - 9:44
4 - 15% - 10% - 6:55
Normal Defense
1 - 43% - 40% - 19:43
2 - 28% - 30% - 12:46
3 - 16% - 20% - 7:19
4 - 13% - 10% - 5:49
PP Forward
1 - 57% - 60% - 4:49
2 - 43% - 40% - 3:37
PP Defense
1 - 52% - 60% - 4:25
2 - 48% - 40% - 4:01
PK Forward
1 - 89% - 60% - 5:16
2 - 11% - 40% - 0:41
PK Defense
1 - 64% - 60% - 3:49
2 - 36% - 40% - 2:08
PK3 Forward
1 - 0% - 60%
2 - 0% - 40%
PK3 Defense
1 - 0% - 60%
2 - 0% - 40%
44 Forward
1 - 0% - 60%
2 - 0% - 40%
44 Defense
1 - 0% - 60%
2 - 0% - 40%
Last Minute Offensive  - 0:00
Last Minute Defensive  - 0:00
Total
Forward - 60:00
Defense - 60:00

% Time on Ice - Monsters

Lines # - Real PCT - Wanted PCT - Time Play
Normal Forward
1 - 35% - 40% - 16:11
2 - 25% - 30% - 11:20
3 - 22% - 20% - 9:57
4 - 18% - 10% - 8:09
Normal Defense
1 - 38% - 40% - 17:23
2 - 30% - 30% - 13:48
3 - 29% - 20% - 13:06
4 - 3% - 10% - 1:20
PP Forward
1 - 43% - 60% - 2:34
2 - 57% - 40% - 3:23
PP Defense
1 - 66% - 60% - 3:56
2 - 34% - 40% - 2:01
PK Forward
1 - 69% - 60% - 5:50
2 - 31% - 40% - 2:36
PK Defense
1 - 60% - 60% - 5:06
2 - 40% - 40% - 3:20
PK3 Forward
1 - 0% - 60%
2 - 0% - 40%
PK3 Defense
1 - 0% - 60%
2 - 0% - 40%
44 Forward
1 - 0% - 60%
2 - 0% - 40%
44 Defense
1 - 0% - 60%
2 - 0% - 40%
Last Minute Offensive  - 0:00
Last Minute Defensive  - 0:00
Total
Forward - 60:00
Defense - 60:00

Play-by-Play

1st period


0:01 of 1st period - Calle Jarnkrok wins face-off versus Zac Dalpe in neutral zone.
0:06 of 1st period - Slapshot by Michael Bournival.
0:06 of 1st period - Stopped by Eric Comrie without a rebound.
0:07 of 1st period - Calle Jarnkrok wins face-off versus Zac Dalpe in Monsters zone.
0:17 of 1st period - Minor Penalty to Aaron Ness for Slashing.
0:18 of 1st period - Calle Jarnkrok wins face-off versus Zac Dalpe in Monsters zone.
0:34 of 1st period - Wrist shot by Calle Jarnkrok.
0:34 of 1st period - Stopped by Eric Comrie with a rebound.
2:17 of 1st period - Penalty to Aaron Ness is over, Aaron Ness is back on ice.
3:07 of 1st period - Aaron Ness is hit by JC Lipon and loses puck.
3:14 of 1st period - Ivan Provorov is hit by Victor Mete.
3:49 of 1st period - Slapshot by Lucas Wallmarkk.
3:49 of 1st period - Stopped by Eric Comrie without a rebound.
3:50 of 1st period - Zac Dalpe wins face-off versus Nick Shore in Monsters zone.
3:50 of 1st period - Zac Dalpe is hit by Alex DeBrincat.
3:58 of 1st period - Slapshot by Alex DeBrincat.
3:58 of 1st period - Deflect By Sven Andrighetto.
3:58 of 1st period - Stopped by Eric Comrie with a rebound.
4:00 of 1st period - Slapshot by Jake Dotchin.
4:00 of 1st period - Shot Blocked by Dillon Heatherington.
4:16 of 1st period - Michael Bournival is hit by Christian Hanson.
4:20 of 1st period - Snap shot by Michael Bournival.
4:20 of 1st period - Goal by Michael Bournival - Phantoms : 1 - Monsters : 0.
4:21 of 1st period - Calle Jarnkrok wins face-off versus Zac Dalpe in neutral zone.
4:24 of 1st period - Slapshot by Michael Bournival.
4:24 of 1st period - Goal by Michael Bournival - Phantoms : 2 - Monsters : 0.
4:25 of 1st period - Calle Jarnkrok wins face-off versus Zac Dalpe in neutral zone.
4:46 of 1st period - Minor Penalty to Tarmo Reunanen for Hooking.
4:47 of 1st period - Calle Jarnkrok wins face-off versus Zac Dalpe in Monsters zone.
4:50 of 1st period - Snap shot by Travis Konecny.
4:50 of 1st period - Stopped by Eric Comrie without a rebound.
4:51 of 1st period - Calle Jarnkrok wins face-off versus Zac Dalpe in Monsters zone.
5:04 of 1st period - Snap shot by Travis Konecny.
5:04 of 1st period - Goal by Travis Konecny - Phantoms : 3 - Monsters : 0.
5:05 of 1st period - Christian Hanson wins face-off versus Sven Andrighetto in neutral zone.
5:08 of 1st period - Wrist shot by Mitch Marner.
5:08 of 1st period - Stopped by Anton Forsberg with a rebound.
5:32 of 1st period - Icing by Alex DeBrincat.
5:33 of 1st period - Nick Shore wins face-off versus Jared Knight in Phantoms zone.
5:43 of 1st period - Off-side.
5:44 of 1st period - Calle Jarnkrok wins face-off versus Zac Dalpe in neutral zone.
5:57 of 1st period - Snap shot by Calle Jarnkrok.
5:57 of 1st period - Stopped by Eric Comrie with a rebound.
6:18 of 1st period - Snap shot by Sven Andrighetto.
6:18 of 1st period - Stopped by Eric Comrie without a rebound.
6:19 of 1st period - Nick Shore wins face-off versus Christian Hanson in Monsters zone.
7:07 of 1st period - Slapshot by Morgan Rielly.
7:07 of 1st period - Shot Blocked by Jake Dotchin.
7:09 of 1st period - Snap shot by Zac Dalpe.
7:09 of 1st period - Stopped by Anton Forsberg without a rebound.
7:10 of 1st period - Zac Dalpe wins face-off versus Cristoval Nieves in Phantoms zone.
7:11 of 1st period - Slapshot by Ondrej Kase.
7:11 of 1st period - Shot Blocked by Jake Dotchin.
8:19 of 1st period - Snap shot by Brendan Leipsic.
8:19 of 1st period - Stopped by Eric Comrie with a rebound.
9:43 of 1st period - Snap shot by Zac Dalpe.
9:43 of 1st period - Shot Misses the Net.
9:45 of 1st period - Snap shot by Austin Watson.
9:45 of 1st period - Shot Blocked by Blake Heinrich.
9:47 of 1st period - Wrist shot by Ondrej Kase.
9:47 of 1st period - Shot Misses the Net.
9:49 of 1st period - Snap shot by Aaron Ness.
9:49 of 1st period - Stopped by Anton Forsberg with a rebound.
9:51 of 1st period - Wrist shot by Austin Watson.
9:51 of 1st period - Goal by Austin Watson - Phantoms : 3 - Monsters : 1.
9:52 of 1st period - Calle Jarnkrok wins face-off versus Christian Hanson in neutral zone.
9:56 of 1st period - Off-side.
9:57 of 1st period - Calle Jarnkrok wins face-off versus Christian Hanson in neutral zone.
10:24 of 1st period - Snap shot by Alex DeBrincat.
10:24 of 1st period - Shot Misses the Net.
10:30 of 1st period - Slapshot by Zac Dalpe.
10:30 of 1st period - Shot Misses the Net.
10:32 of 1st period - Slapshot by Dillon Heatherington.
10:32 of 1st period - Stopped by Anton Forsberg with a rebound.
10:44 of 1st period - Bobby Farnham is hit by Devon Teows and loses puck.
11:11 of 1st period - Wrist shot by Brendan Leipsic.
11:11 of 1st period - Stopped by Eric Comrie with a rebound.
11:13 of 1st period - Wrist shot by Lucas Wallmarkk.
11:13 of 1st period - Stopped by Eric Comrie without a rebound.
11:14 of 1st period - Zac Dalpe wins face-off versus Calle Jarnkrok in Monsters zone.
11:19 of 1st period - Victor Mete is hit by Michael Bournival and loses puck.
12:01 of 1st period - Snap shot by Cristoval Nieves.
12:01 of 1st period - Shot Misses the Net.
12:03 of 1st period - Snap shot by Cristoval Nieves.
12:03 of 1st period - Stopped by Eric Comrie without a rebound.
12:04 of 1st period - Zac Dalpe wins face-off versus Cristoval Nieves in Monsters zone.
12:15 of 1st period - Slapshot by Zac Dalpe.
12:15 of 1st period - Shot Misses the Net.
12:17 of 1st period - Slapshot by Ondrej Kase.
12:17 of 1st period - Stopped by Anton Forsberg with a rebound.
12:29 of 1st period - Morgan Rielly is hit by Travis Konecny.
13:26 of 1st period - Minor Penalty to Richard Nejezchleb for Slashing.
13:27 of 1st period - Calle Jarnkrok wins face-off versus Zac Dalpe in Monsters zone.
13:30 of 1st period - Snap shot by Travis Konecny.
13:30 of 1st period - Goal by Travis Konecny - Phantoms : 4 - Monsters : 1.
13:30 of 1st period - Phoenix Copley enters game.
13:31 of 1st period - Ondrej Kase wins face-off versus Calle Jarnkrok in neutral zone.
13:34 of 1st period - Wrist shot by Ondrej Kase.
13:34 of 1st period - Shot Misses the Net.
13:36 of 1st period - Snap shot by Austin Watson.
13:36 of 1st period - Stopped by Anton Forsberg without a rebound.
13:37 of 1st period - Calle Jarnkrok wins face-off versus Zac Dalpe in Phantoms zone.
13:37 of 1st period - Calle Jarnkrok is hit by Austin Watson.
13:49 of 1st period - Slapshot by Aaron Ness.
13:49 of 1st period - Shot Blocked by Reid McNeill.
13:51 of 1st period - Snap shot by Ondrej Kase.
13:51 of 1st period - Stopped by Anton Forsberg with a rebound.
13:53 of 1st period - Wrist shot by Zac Dalpe.
13:53 of 1st period - Shot Misses the Net.
13:59 of 1st period - Minor Penalty to Jake Dotchin for Hooking.
14:00 of 1st period - Michael Bournival wins face-off versus Zac Dalpe in Phantoms zone.
14:35 of 1st period - Slapshot by Mitch Marner.
14:35 of 1st period - Stopped by Anton Forsberg with a rebound.
14:45 of 1st period - Matt Grzelcyk is hit by Ivan Provorov and loses puck.
14:54 of 1st period - Snap shot by Travis Konecny.
14:54 of 1st period - Shot Misses the Net.
15:59 of 1st period - Penalty to Jake Dotchin is over, Jake Dotchin is back on ice.
16:28 of 1st period - Victor Mete is hit by Rinat Valiev and loses puck.
17:26 of 1st period - Snap shot by Michael Bournival.
17:26 of 1st period - Goal by Michael Bournival - Phantoms : 5 - Monsters : 1.
17:27 of 1st period - Zac Dalpe wins face-off versus Calle Jarnkrok in neutral zone.
18:26 of 1st period - Wrist shot by Patrik Laine.
18:26 of 1st period - Stopped by Anton Forsberg without a rebound.
18:27 of 1st period - Zac Dalpe wins face-off versus Calle Jarnkrok in Phantoms zone.
18:48 of 1st period - Minor Penalty to Michael Bournival for Hooking.
18:49 of 1st period - Zac Dalpe wins face-off versus Anthony Angello in Phantoms zone.
18:58 of 1st period - Wrist shot by Ondrej Kase.
18:58 of 1st period - Shot Misses the Net.
19:00 of 1st period - Wrist shot by Aaron Ness.
19:00 of 1st period - Stopped by Anton Forsberg with a rebound.
19:02 of 1st period - Slapshot by Morgan Rielly.
19:02 of 1st period - Stopped by Anton Forsberg with a rebound.
19:04 of 1st period - Slapshot by Austin Watson.
19:04 of 1st period - Stopped by Anton Forsberg without a rebound.
19:05 of 1st period - Zac Dalpe wins face-off versus Anthony Angello in Phantoms zone.
19:14 of 1st period - Wrist shot by Ondrej Kase.
19:14 of 1st period - Stopped by Anton Forsberg without a rebound.
19:15 of 1st period - Anthony Angello wins face-off versus Zac Dalpe in Phantoms zone.
19:19 of 1st period - Off-side.
19:20 of 1st period - Zac Dalpe wins face-off versus Anthony Angello in neutral zone.
19:25 of 1st period - Snap shot by Zac Dalpe.
19:25 of 1st period - Stopped by Anton Forsberg without a rebound.
19:26 of 1st period - Zac Dalpe wins face-off versus Anthony Angello in Phantoms zone.
19:39 of 1st period - Wrist shot by Austin Watson.
19:39 of 1st period - Shot Misses the Net.
19:41 of 1st period - Snap shot by Aaron Ness.
19:41 of 1st period - Shot Blocked by Jake Dotchin.
Goals for this period are 5 for Phantoms vs 1 for Monsters.
Shots for this period are 16 for Phantoms vs 15 for Monsters.

2nd period


0:01 of 2nd period - Zac Dalpe wins face-off versus Anthony Angello in neutral zone.
0:14 of 2nd period - Wrist shot by Zac Dalpe.
0:14 of 2nd period - Shot Misses the Net.
0:16 of 2nd period - Slapshot by Aaron Ness.
0:16 of 2nd period - Stopped by Anton Forsberg with a rebound.
0:36 of 2nd period - Slapshot by Morgan Rielly.
0:36 of 2nd period - Shot Blocked by Travis Konecny.
0:48 of 2nd period - Penalty to Michael Bournival is over, Michael Bournival is back on ice.
1:03 of 2nd period - Snap shot by Cristoval Nieves.
1:03 of 2nd period - Shot Blocked by Dillon Heatherington.
1:05 of 2nd period - Slapshot by Blake Heinrich.
1:05 of 2nd period - Shot Blocked by Marc Michaelis.
1:09 of 2nd period - Slapshot by Cristoval Nieves.
1:09 of 2nd period - Shot Misses the Net.
1:21 of 2nd period - Snap shot by Jared Knight.
1:21 of 2nd period - Stopped by Anton Forsberg with a rebound.
2:18 of 2nd period - Backhand shot by Alex DeBrincat.
2:18 of 2nd period - Stopped by Phoenix Copley with a rebound.
2:36 of 2nd period - Snap shot by Alex DeBrincat.
2:36 of 2nd period - Stopped by Phoenix Copley without a rebound.
2:37 of 2nd period - Christian Hanson wins face-off versus Calle Jarnkrok in Monsters zone.
2:37 of 2nd period - Christian Hanson is hit by Jake Dotchin.
2:51 of 2nd period - Wrist shot by Calle Jarnkrok.
2:51 of 2nd period - Shot Misses the Net.
3:00 of 2nd period - Icing by Christian Hanson.
3:01 of 2nd period - Jared Knight wins face-off versus Cristoval Nieves in Monsters zone.
3:01 of 2nd period - Jared Knight is hit by Erik Nystrom.
3:04 of 2nd period - Icing by Morgan Rielly.
3:05 of 2nd period - Jared Knight wins face-off versus Cristoval Nieves in Monsters zone.
3:20 of 2nd period - Slapshot by Ivan Provorov.
3:20 of 2nd period - Stopped by Phoenix Copley with a rebound.
3:30 of 2nd period - Slapshot by Morgan Rielly.
3:30 of 2nd period - Shot Misses the Net.
3:32 of 2nd period - Snap shot by Ondrej Kase.
3:32 of 2nd period - Shot Blocked by Blake Heinrich.
3:54 of 2nd period - Wrist shot by Patrik Laine.
3:54 of 2nd period - Shot Misses the Net.
3:56 of 2nd period - Slapshot by Dillon Heatherington.
3:56 of 2nd period - Stopped by Anton Forsberg with a rebound.
3:58 of 2nd period - Snap shot by Richard Nejezchleb.
3:58 of 2nd period - Stopped by Anton Forsberg without a rebound.
3:59 of 2nd period - Calle Jarnkrok wins face-off versus Ryan Fitzgerald in Phantoms zone.
4:04 of 2nd period - Wrist shot by Ryan Fitzgerald.
4:04 of 2nd period - Stopped by Anton Forsberg with a rebound.
4:55 of 2nd period - Snap shot by Joakim Nordstrom.
4:55 of 2nd period - Stopped by Anton Forsberg with a rebound.
5:11 of 2nd period - Wrist shot by Bobby Farnham.
5:11 of 2nd period - Stopped by Anton Forsberg with a rebound.
5:13 of 2nd period - Snap shot by Morgan Rielly.
5:13 of 2nd period - Shot Misses the Net.
5:15 of 2nd period - Slapshot by Aaron Ness.
5:15 of 2nd period - Deflect By Travis Konecny.
5:15 of 2nd period - Stopped by Anton Forsberg with a rebound.
5:27 of 2nd period - Wrist shot by Lucas Wallmarkk.
5:27 of 2nd period - Stopped by Phoenix Copley with a rebound.
5:32 of 2nd period - Icing by Aaron Ness.
5:33 of 2nd period - Nick Shore wins face-off versus Patrik Laine in Monsters zone.
6:06 of 2nd period - Wrist shot by Calle Jarnkrok.
6:06 of 2nd period - Goal by Calle Jarnkrok - Phantoms : 6 - Monsters : 1.
6:07 of 2nd period - Calle Jarnkrok wins face-off versus Zac Dalpe in neutral zone.
6:57 of 2nd period - Minor Penalty to Bobby Farnham for Hooking.
6:58 of 2nd period - Zac Dalpe wins face-off versus Calle Jarnkrok in Monsters zone.
8:57 of 2nd period - Penalty to Bobby Farnham is over, Bobby Farnham is back on ice.
9:27 of 2nd period - Slapshot by Lucas Wallmarkk.
9:27 of 2nd period - Stopped by Phoenix Copley with a rebound.
9:29 of 2nd period - Snap shot by Jake Dotchin.
9:29 of 2nd period - Stopped by Phoenix Copley with a rebound.
9:51 of 2nd period - Snap shot by Mitch Marner.
9:51 of 2nd period - Shot Misses the Net.
9:53 of 2nd period - Wrist shot by Mitch Marner.
9:53 of 2nd period - Shot Misses the Net.
9:55 of 2nd period - Wrist shot by Mitch Marner.
9:55 of 2nd period - Deflect By Joakim Nordstrom.
9:55 of 2nd period - Stopped by Anton Forsberg with a rebound.
11:04 of 2nd period - Off-side.
11:05 of 2nd period - Lucas Wallmarkk wins face-off versus Christian Hanson in neutral zone.
11:10 of 2nd period - Slapshot by Brendan Leipsic.
11:10 of 2nd period - Shot Blocked by Mitch Marner.
11:12 of 2nd period - Snap shot by Brendan Leipsic.
11:12 of 2nd period - Stopped by Phoenix Copley with a rebound.
11:14 of 2nd period - Slapshot by Ivan Provorov.
11:14 of 2nd period - Shot Misses the Net.
11:16 of 2nd period - Slapshot by Ivan Provorov.
11:16 of 2nd period - Stopped by Phoenix Copley with a rebound.
11:27 of 2nd period - Minor Penalty to Joakim Nordstrom for Hooking.
11:28 of 2nd period - Calle Jarnkrok wins face-off versus Zac Dalpe in Monsters zone.
11:35 of 2nd period - Snap shot by Michael Bournival.
11:35 of 2nd period - Shot Misses the Net.
13:14 of 2nd period - Jake Dotchin is hit by Christian Hanson and loses puck.
13:27 of 2nd period - Penalty to Joakim Nordstrom is over, Joakim Nordstrom is back on ice.
13:28 of 2nd period - Icing by Mitch Marner.
13:29 of 2nd period - Nick Shore wins face-off versus Zac Dalpe in Monsters zone.
14:10 of 2nd period - Christian Hanson is hit by Nick Sorensen and loses puck.
14:19 of 2nd period - Snap shot by Erik Nystrom.
14:19 of 2nd period - Goal by Erik Nystrom - Phantoms : 7 - Monsters : 1.
14:20 of 2nd period - Calle Jarnkrok wins face-off versus Zac Dalpe in neutral zone.
14:28 of 2nd period - Wrist shot by Aaron Ness.
14:28 of 2nd period - Deflect By Travis Konecny.
14:28 of 2nd period - Stopped by Anton Forsberg without a rebound.
14:29 of 2nd period - Zac Dalpe wins face-off versus Calle Jarnkrok in Phantoms zone.
14:44 of 2nd period - Snap shot by Travis Konecny.
14:44 of 2nd period - Shot Misses the Net.
14:49 of 2nd period - Off-side.
14:50 of 2nd period - Nick Shore wins face-off versus Christian Hanson in neutral zone.
14:50 of 2nd period - Dillon Heatherington and Ivan Provorov fight to a draw.
14:50 of 2nd period - Penalty to Dillon Heatherington for Fighting.
14:50 of 2nd period - Penalty to Ivan Provorov for Fighting.
14:51 of 2nd period - Zac Dalpe wins face-off versus Travis Konecny in neutral zone.
14:54 of 2nd period - Calle Jarnkrok is hit by Ondrej Kase and loses puck.
15:42 of 2nd period - Icing by Cristoval Nieves.
15:43 of 2nd period - Cristoval Nieves wins face-off versus Zac Dalpe in Phantoms zone.
16:12 of 2nd period - Slapshot by Cristoval Nieves.
16:12 of 2nd period - Stopped by Phoenix Copley with a rebound.
16:14 of 2nd period - Wrist shot by Nick Sorensen.
16:14 of 2nd period - Stopped by Phoenix Copley without a rebound.
16:15 of 2nd period - Michael Bournival wins face-off versus Christian Hanson in Monsters zone.
16:42 of 2nd period - Alex DeBrincat is hit by Ondrej Kase and loses puck.
17:07 of 2nd period - Bobby Farnham is hit by Erik Nystrom and loses puck.
18:03 of 2nd period - Snap shot by Nick Shore.
18:03 of 2nd period - Stopped by Phoenix Copley without a rebound.
18:04 of 2nd period - Zac Dalpe wins face-off versus Nick Shore in Monsters zone.
18:50 of 2nd period - Slapshot by Christian Hanson.
18:50 of 2nd period - Shot Misses the Net.
19:20 of 2nd period - Wrist shot by Richard Nejezchleb.
19:20 of 2nd period - Stopped by Anton Forsberg with a rebound.
Goals for this period are 2 for Phantoms vs 0 for Monsters.
Shots for this period are 13 for Phantoms vs 11 for Monsters.

3rd period


0:01 of 3rd period - Zac Dalpe wins face-off versus Calle Jarnkrok in neutral zone.
0:06 of 3rd period - Snap shot by Zac Dalpe.
0:06 of 3rd period - Shot Misses the Net.
0:36 of 3rd period - Snap shot by Christian Hanson.
0:36 of 3rd period - Shot Misses the Net.
0:52 of 3rd period - Snap shot by Marc Michaelis.
0:52 of 3rd period - Stopped by Anton Forsberg with a rebound.
0:54 of 3rd period - Wrist shot by Morgan Rielly.
0:54 of 3rd period - Shot Blocked by Ivan Provorov.
0:56 of 3rd period - Snap shot by Bobby Farnham.
0:56 of 3rd period - Shot Misses the Net.
1:29 of 3rd period - Icing by Victor Mete.
1:30 of 3rd period - Ryan Fitzgerald wins face-off versus Calle Jarnkrok in Monsters zone.
1:49 of 3rd period - Victor Mete is hit by Travis Konecny and loses puck.
1:53 of 3rd period - Icing by Tarmo Reunanen.
1:54 of 3rd period - Nick Shore wins face-off versus Zac Dalpe in Monsters zone.
2:21 of 3rd period - Slapshot by Ondrej Kase.
2:21 of 3rd period - Shot Blocked by Alex DeBrincat.
4:15 of 3rd period - Victor Mete is hit by Reid McNeill and loses puck.
6:07 of 3rd period - Snap shot by Ondrej Kase.
6:07 of 3rd period - Stopped by Anton Forsberg without a rebound.
6:08 of 3rd period - Calle Jarnkrok wins face-off versus Joakim Nordstrom in Phantoms zone.
6:17 of 3rd period - Snap shot by Calle Jarnkrok.
6:17 of 3rd period - Stopped by Phoenix Copley with a rebound.
6:54 of 3rd period - Snap shot by Lucas Wallmarkk.
6:54 of 3rd period - Deflect By JC Lipon.
6:54 of 3rd period - Shot Misses the Net.
6:54 of 3rd period - Puck is out of play.
6:55 of 3rd period - Lucas Wallmarkk wins face-off versus Ryan Fitzgerald in Monsters zone.
7:25 of 3rd period - Joakim Nordstrom is hit by Travis Konecny and loses puck.
7:40 of 3rd period - Slapshot by Cristoval Nieves.
7:40 of 3rd period - Stopped by Phoenix Copley without a rebound.
7:41 of 3rd period - Bobby Farnham wins face-off versus Cristoval Nieves in Monsters zone.
8:14 of 3rd period - Ivan Provorov is hit by Matt Grzelcyk and loses puck.
8:53 of 3rd period - Slapshot by Dillon Heatherington.
8:53 of 3rd period - Deflect By Patrik Laine.
8:53 of 3rd period - Stopped by Anton Forsberg with a rebound.
8:55 of 3rd period - Slapshot by Dillon Heatherington.
8:55 of 3rd period - Deflect By Patrik Laine.
8:55 of 3rd period - Shot Misses the Net.
8:55 of 3rd period - Puck is out of play.
8:56 of 3rd period - Christian Hanson wins face-off versus Calle Jarnkrok in Phantoms zone.
9:00 of 3rd period - Christian Hanson beats up Devon Teows.
9:00 of 3rd period - Penalty to Christian Hanson for Fighting.
9:00 of 3rd period - Penalty to Devon Teows for Fighting.
9:00 of 3rd period - Penalty to Devon Teows for instigated a fight.
9:00 of 3rd period - Penalty to Devon Teows for instigated a fight.
9:01 of 3rd period - Michael Bournival wins face-off versus Maxim Mamin in neutral zone.
9:14 of 3rd period - Slapshot by Aaron Ness.
9:14 of 3rd period - Shot Blocked by Blake Heinrich.
9:51 of 3rd period - A.J. Greer is hit by Matt Grzelcyk and loses puck.
10:03 of 3rd period - Icing by Mitch Marner.
10:04 of 3rd period - Michael Bournival wins face-off versus Maxim Mamin in Monsters zone.
11:00 of 3rd period - Penalty to Devon Teows is over, JC Lipon is send on ice.
11:16 of 3rd period - JC Lipon is hit by Richard Nejezchleb and loses puck.
11:24 of 3rd period - Icing by Jake Dotchin.
11:25 of 3rd period - Bobby Farnham wins face-off versus Anthony Angello in Phantoms zone.
11:55 of 3rd period - Reid McNeill is hit by Richard Nejezchleb and loses puck.
12:42 of 3rd period - Off-side.
12:43 of 3rd period - Cristoval Nieves wins face-off versus Jared Knight in neutral zone.
12:50 of 3rd period - Slapshot by Erik Nystrom.
12:50 of 3rd period - Shot Blocked by Dillon Heatherington.
12:52 of 3rd period - Snap shot by Nick Sorensen.
12:52 of 3rd period - Shot Misses the Net.
12:57 of 3rd period - Minor Penalty to Marc Michaelis for Hooking.
12:58 of 3rd period - Zac Dalpe wins face-off versus Calle Jarnkrok in Monsters zone.
13:30 of 3rd period - Ondrej Kase is hit by Nick Shore and loses puck.
13:59 of 3rd period - Dillon Heatherington is hit by Nick Shore and loses puck.
14:00 of 3rd period - Penalty to Christian Hanson is over, Christian Hanson is back on ice.
14:57 of 3rd period - Penalty to Marc Michaelis is over, Marc Michaelis is back on ice.
15:33 of 3rd period - Snap shot by Jared Knight.
15:33 of 3rd period - Deflect By Marc Michaelis.
15:33 of 3rd period - Shot Misses the Net.
15:33 of 3rd period - Puck is out of play.
15:34 of 3rd period - Christian Hanson wins face-off versus Cristoval Nieves in Phantoms zone.
15:39 of 3rd period - Snap shot by Mitch Marner.
15:39 of 3rd period - Stopped by Anton Forsberg with a rebound.
16:25 of 3rd period - Minor Penalty to Bobby Farnham for Hooking.
16:26 of 3rd period - Calle Jarnkrok wins face-off versus Zac Dalpe in Monsters zone.
16:33 of 3rd period - Wrist shot by Calle Jarnkrok.
16:33 of 3rd period - Goal by Calle Jarnkrok - Phantoms : 8 - Monsters : 1.
16:34 of 3rd period - Joakim Nordstrom wins face-off versus Calle Jarnkrok in neutral zone.
16:37 of 3rd period - Wrist shot by Mitch Marner.
16:37 of 3rd period - Deflect By Christian Hanson.
16:37 of 3rd period - Stopped by Anton Forsberg with a rebound.
16:41 of 3rd period - Wrist shot by Mitch Marner.
16:41 of 3rd period - Shot Misses the Net.
16:43 of 3rd period - Slapshot by Joakim Nordstrom.
16:43 of 3rd period - Stopped by Anton Forsberg with a rebound.
16:45 of 3rd period - Slapshot by Aaron Ness.
16:45 of 3rd period - Stopped by Anton Forsberg without a rebound.
16:46 of 3rd period - Christian Hanson wins face-off versus Calle Jarnkrok in Phantoms zone.
16:47 of 3rd period - Slapshot by Mitch Marner.
16:47 of 3rd period - Shot Misses the Net.
16:55 of 3rd period - Snap shot by Michael Bournival.
16:55 of 3rd period - Stopped by Phoenix Copley without a rebound.
16:56 of 3rd period - Christian Hanson wins face-off versus Calle Jarnkrok in Monsters zone.
18:06 of 3rd period - Snap shot by Christian Hanson.
18:06 of 3rd period - Stopped by Anton Forsberg without a rebound.
18:07 of 3rd period - Zac Dalpe wins face-off versus Nick Shore in Phantoms zone.
18:08 of 3rd period - Snap shot by Ondrej Kase.
18:08 of 3rd period - Stopped by Anton Forsberg with a rebound.
18:10 of 3rd period - Slapshot by Dillon Heatherington.
18:10 of 3rd period - Deflect By Ondrej Kase.
18:10 of 3rd period - Shot Misses the Net.
18:10 of 3rd period - Puck is out of play.
18:11 of 3rd period - Zac Dalpe wins face-off versus Nick Shore in Phantoms zone.
18:24 of 3rd period - Slapshot by Sven Andrighetto.
18:24 of 3rd period - Shot Misses the Net.
19:42 of 3rd period - Off-side.
19:43 of 3rd period - Christian Hanson wins face-off versus Calle Jarnkrok in neutral zone.
Goals for this period are 1 for Phantoms vs 0 for Monsters.
Shots for this period are 4 for Phantoms vs 9 for Monsters.